 Dungeon Crawl Stone Soup version 0.29-a0-350-g7790a0e70a (webtiles) character file.

Game seed: 17437676823914977406

17 spaghetti the Thrower (level 2, -3/23 HPs)
             Began as a Gnoll Wanderer on Apr 22, 2022.
             Slain by a gnoll
             ... wielding a +0 flail
              (7 damage)
             ... on level 1 of the Dungeon.
             The game lasted 00:01:09 (742 turns).

spaghetti the Thrower (Gnoll Wanderer)               Turns: 742, Time: 00:01:09

Health: -3/23      AC:  1    Str: 11    XL:     2   Next: 62%
Magic:  7/7        EV: 11    Int: 10    God:
Gold:   20         SH:  0    Dex: 12    Spells: 10/10 levels left

rFire   . . .      SeeInvis .   a - +2 dagger {short}
rCold   . . .      Faith    .   (no shield)
rNeg    . . .      Spirit   .   e - +0 leather armour
rPois   +          Reflect  .   (no helmet)
rElec   .          Harm     .   (no cloak)
rCorr   .          Rampage  .   (no gloves)
Will    .....                   (no boots)
Stlth   +.........              (no amulet)
HPRegen 0.07/turn               (no ring)
MPRegen 0.10/turn               (no ring)

@: no status effects
A: fangs 1, strong nose, distributed training, deformed body, poison resistance
a: no special abilities


You were on level 1 of the Dungeon.
You visited 1 branch of the dungeon, and saw 1 of its levels.

You collected 20 gold pieces.


Innate Abilities, Weirdness & Mutations

You have very sharp teeth.
Your uncanny sense of smell can sniff out nearby items.
Your experience applies equally to all skills.
Armour fits poorly on your strangely shaped body.
Your system is resistant to poisons. (rPois)


   Skills:
 + Level 2.5 Fighting
 + Level 0.5 Short Blades
 + Level 0.5 Long Blades
 + Level 0.5 Axes
 + Level 0.5 Maces & Flails
 + Level 0.5 Polearms
 + Level 0.5 Staves
 + Level 0.5 Slings
 + Level 0.5 Bows
 + Level 0.5 Crossbows
 + Level 10.4 Throwing
 + Level 0.5 Armour
 + Level 0.5 Dodging
 + Level 0.5 Stealth
 + Level 0.5 Shields
 + Level 0.5 Unarmed Combat
 + Level 4.9 Spellcasting
 + Level 2.0 Conjurations
 + Level 0.3 Hexes
 + Level 0.3 Summonings
 + Level 0.3 Necromancy
 + Level 0.3 Translocations
 + Level 0.3 Transmutations
 + Level 0.3 Fire Magic
 + Level 0.3 Ice Magic
 + Level 0.3 Air Magic
 + Level 0.3 Earth Magic
 + Level 0.3 Poison Magic
 + Level 0.6 Invocations
 + Level 2.5 Evocations


You had 10 spell levels left.
You didn't know any spells.
Your spell library contained the following spells:

 Spells                   Type           Power      Damage    Failure   Level
 Searing Ray              Conj           12%        2d4       21%         2
 Static Discharge         Conj/Air       4%         N/A       28%         2

Inventory:

Hand Weapons
 a - a +2 dagger (weapon) {short}
Missiles
 b - 3 curare-tipped darts {=fthrowing}
 g - 27 stones (quivered) {throwing}
Armour
 e - a +0 leather armour (worn)
Scrolls
 f - 2 scrolls of noise {!r}
Miscellaneous
 c - a piece from Xom's chessboard (12/15)

Dungeon Overview and Level Annotations

Branches:
Dungeon (1/15)

Altars:

#..[.#....#...#.#
#.........#.###.#
#.......#.#.###.#
#..#....#.#.##..#
#..##..##.#.##.##
# ##.##.#>##.#
#.##.#.##.#
#.##.#.##.# ∆
#@##.#.##.# ∆
#g##.#.##.#
J#...####'### K#
## #.....# ..
#.....# ..
#.....# .(.
#.###.# ...
#.#†#.# #.###.#


You could see a gnoll, an endoplasm (slow) and a kobold (paralysed).


Message History

The stone {throwing} hits the endoplasm.
Throw: 18 stones {throwing}
Press: ? - help, Q - select action, (/) - cycle Shift-Dir - straight line, f/p - endoplasm
Aim: an endoplasm (lightly wounded, 87% to hit)
You throw a stone {throwing}.
The stone {throwing} hits the endoplasm.
Throw: 17 stones {throwing}
Press: ? - help, Q - select action, (/) - cycle Shift-Dir - straight line, f/p - endoplasm
Aim: an endoplasm (severely wounded, 87% to hit)
You throw a stone {throwing}.
The stone {throwing} hits the endoplasm!
You kill the endoplasm! 😕 HP[+1] Key pressed, stopping explore.
g - 17 stones {throwing} (gained 1)
g - 18 stones {throwing} (gained 1)
g - 19 stones {throwing} (gained 1)
A frilled lizard comes into view.
The frilled lizard hisses angrily. 😎 HP[+4]
Your hp is fully restored (23).
A frilled lizard is nearby!
A frilled lizard is nearby!
A frilled lizard is nearby!
You throw a stone {throwing}.
The stone {throwing} hits the frilled lizard.
You kill the frilled lizard!
No target in view!
No target in view!
No target in view!
No target in view!
You now have 20 gold pieces (gained 7).
Found a stone staircase leading down.
There is a faded altar of an unknown god here.
You see here a -1 short sword {short}.
Key pressed, stopping explore.
g - 33 stones {throwing} (gained 15)
h - a scroll labelled ELUGETEADI A gnoll comes into view.
It is wielding a +0 flail.
You throw a stone {throwing}.
The stone {throwing} hits the gnoll but does no damage.
The gnoll shouts!
An endoplasm comes into view.
You throw a stone {throwing}. The stone {throwing} hits the gnoll.
You throw a stone {throwing}. The stone {throwing} hits the gnoll.
You throw a stone {throwing}.
The stone {throwing} hits the gnoll but does no damage.
A goblin comes into view. It is wielding a +0 club.
A frilled lizard comes into view.
You completely miss the gnoll. The gnoll misses you.
The frilled lizard hisses angrily.
You hit the gnoll.
You hear a shout!
A kobold comes into view. It is wielding a +0 dagger.
The gnoll barely misses you.
The goblin shouts!
You hit the gnoll but do no damage.
The gnoll hits you with a +0 flail! 😮 HP[-9]
You take 9 damage, and now have 14/23 hp.
MASSIVE DAMAGE!! (PAUSE) Throw: 29 stones {throwing}
Press: ? - help, Q - select action, (/) - cycle Shift-Dir - straight line, f - goblin, p - gnoll
Aim: a goblin, wielding a +0 club (58% to hit)
You throw a stone {throwing}.
The stone {throwing} closely misses the gnoll.
The stone {throwing} hits the endoplasm.
Throw: 28 stones {throwing}
Press: ? - help, Q - select action, (/) - cycle Shift-Dir - straight line, f - kobold, p - goblin
Aim: a kobold, wielding a +0 dagger (58% to hit)
You throw a stone {throwing}. The stone {throwing} hits the gnoll.
The gnoll hits you with a +0 flail!
* * * LOW HITPOINT WARNING * * *
😨 HP[-7]
You take 7 damage, and now have 7/23 hp.
MASSIVE DAMAGE!! (PAUSE)
Okay, then.
As you read the scroll labelled ELUGETEADI, it crumbles to dust.
It is a scroll of amnesia.
You feel forgetful for a moment.
The gnoll barely misses you. 😨 HP[+1] Unknown command.
As you read the scroll labelled GUINY ISAARI, it crumbles to dust.
You hear a loud clanging noise!
It was a scroll of noise.
The gnoll closely misses you.
Okay, then.
Really quaff
d - a potion of mutation {!q}?
Really quaff the potion of mutation?
You feel extremely strange.
Your body twists and deforms.
You feel resistant to poisons. The gnoll closely misses you.
You make a move on Xom's chessboard...
The endoplasm seems to slow down.
The gnoll barely misses you.
You make a move on Xom's chessboard...
The gnoll struggles to resist.
The gnoll hits you with a +0 flail.
* * * LOW HITPOINT WARNING * * *
😱 HP[-4]
You take 4 damage, and now have 4/23 hp.
You make a move on Xom's chessboard...
The kobold suddenly stops moving!
The gnoll hits you with a +0 flail!
You die...

Skill      XL: |  1 |
---------------+----+-----
Throwing       | | 10.4
Conjurations   | 2 |  2.0
Fighting       | |  2.5
Short Blades   | |  0.5
Long Blades    | |  0.5
Axes           | |  0.5
Maces & Flails | |  0.5
Polearms       | |  0.5
Staves         | |  0.5
Slings         | |  0.5
Bows           | |  0.5
Crossbows      | |  0.5
Armour         | |  0.5
Dodging        | |  0.5
Stealth        | |  0.5
Shields        | |  0.5
Unarmed Combat | |  0.5
Spellcasting   | |  4.9
Hexes          | |  0.3
Summonings     | |  0.3
Necromancy     | |  0.3
Translocations | |  0.3
Transmutations | |  0.3
Fire Magic     | |  0.3
Ice Magic      | |  0.3
Air Magic      | |  0.3
Earth Magic    | |  0.3
Poison Magic   | |  0.3
Invocations    | |  0.6
Evocations     | |  2.5

Action                   || total
-------------------------++-------
Melee: Dagger            ||    48
       Bite              ||     2
Throw: Stone             ||    17
Evoke: Piece from Xom's  ||     3
  Use: Scroll            ||     2
       Potion            ||     1
Armor: Leather armour    ||    13
Dodge: Dodged            ||    25

Levels and vault maps discovered:
D:1:      nicolae_arrival_memento_mori, layout_loops_ring,
          ebering_ecumenical_altar_rust

Notes
Turn   | Place    | Note
-------+----------+-------------------------------------------
     0 | D:1      | Reached skill level 10 in Throwing
     0 | D:1      | spaghetti the Gnoll Wanderer began the quest for the Orb.
     0 | D:1      | spaghetti set off with the following items: a +2 dagger
                  | {short}, 3 curare-tipped darts {=fthrowing}, a piece from
                  | Xom's chessboard (15/15), a potion of mutation {!q}, a +0
                  | leather armour; and the following spells available to
                  | memorise: Searing Ray, Static Discharge
     0 | D:1      | Reached XP level 1. HP: 17/17 MP: 6/6
     0 | D:1      | magus.rc [v1.9.6]
   110 | D:1      | Found a faded altar of an unknown god.
   355 | D:1      | Reached skill level 2 in Conjurations
   365 | D:1      | Reached XP level 2. HP: 19/23 MP: 7/7
   739 | D:1      | Gained mutation: Armour fits poorly on your strangely
                  | shaped body. [potion of mutation]
   739 | D:1      | Gained mutation: Your system is resistant to poisons.
                  | (rPois) [potion of mutation]
   741 | D:1      | HP: 4/23 [gnoll/+0 flail (4)]
   742 | D:1      | Slain by a gnoll

Vanquished Creatures
  A bat (D:1)
  2 endoplasms (D:1)
  A giant cockroach (D:1)
  A goblin (D:1)
  A hobgoblin (D:1)
  4 jackals (D:1)
  2 quokkas (D:1)
  A frilled lizard (D:1)
13 creatures vanquished.

Table legend:
 A = Non-vault XP
 B = Vault XP
 C = Vault XP percentage of total XP
 D = Non-vault monster count
 E = Vault monster count
 F = Vault count percentage of total count
                 A         B        C        D         E       F
            +---------+---------+-------+---------+---------+-------
      Total |      25 |       0 |   0.0 |      13 |       0 |   0.0
            +---------+---------+-------+---------+---------+-------
        D:1 |      25 |       0 |   0.0 |      13 |       0 |   0.0
            +---------+---------+-------+---------+---------+-------

Illustrated notes

Table legend:
 A = Kills in this place as a percentage of kills in entire the game.
 B = Kills by you in this place as a percentage of kills by you in the entire game.
 C = Kills by friends in this place as a percentage of kills by friends in the entire game.
 D = Other kills in this place as a percentage of other kills in the entire game.
 E = Experience gained in this place as a percentage of experience gained in the entire game.
 F = Experience gained in this place divided by the number of levels of this place that you have seen.
                   A       B       C       D       E      F
               +-------+-------+-------+-------+-------+----------------------
         Total | 100.0 | 100.0 |   N/A |   N/A | 100.0 |  25.0
       Dungeon | 100.0 | 100.0 |   N/A |   N/A | 100.0 |  25.0
               +-------+-------+-------+-------+-------+----------------------

Table legend: (Time is in decaauts)
 A = Elapsed time spent in this place.
 B = Non-inter-level travel time spent in this place.
 C = Inter-level travel time spent in this place.
 D = Time resting spent in this place.
 E = Time spent auto-exploring this place.
 F = Levels seen in this place.
 G = Mean time per level.
                   A        B        C        D        E       F      G
               +--------+--------+--------+--------+--------+-----+--------+
         Total |    736 |    736 |      0 |    212 |    422 |   1 |  736.0 |
       Dungeon |    736 |    736 |      0 |    212 |    422 |   1 |  736.0 |
               +--------+--------+--------+--------+--------+-----+--------+

Top non-repeatable levels by time:
     D:1: 736 daAuts
